 Dungeon Crawl Stone Soup version 0.32-a0-468-g38b2580584 (webtiles) character file.

Game seed: 9569151318728930999

21 ScarabSwarm the Caller (level 2, -11/19 HPs)
             Began as a Mummy Summoner on Feb 24, 2024.
             Mangled by an iguana (13 damage)
             ... on level 2 of the Dungeon.
             The game lasted 00:02:04 (1672 turns).

ScarabSwarm the Caller (Mummy Summoner)             Turns: 1672, Time: 00:02:05

Health: -11/19     AC:  2    Str: 11    XL:     2   Next: 65%
Magic:  3/6        EV: 12    Int: 14    God:
Gold:   80         SH:  0    Dex: 12    Spells: 7/8 levels left

rFire   x . .        d - +0 dagger
rCold   + . .        (no shield)
rNeg    + + +        a - +0 robe
rPois   ∞            (no helmet)
rElec   .            (no cloak)
rCorr   .            (no gloves)
SInv    .            (no boots)
Will    .....        (no amulet)
Stlth   ++           (no ring)
HPRegen 0.23/turn    (no ring)
MPRegen 0.10/turn

%: faith
@: no status effects
A: cold resistance 1, negative energy resistance 3, torment resistance 2, heat
vulnerability 1, in touch with death 1, no potions, faith
a: no special abilities


You were on level 2 of the Dungeon.
You visited 1 branch of the dungeon, and saw 2 of its levels.

You collected 80 gold pieces.

Inventory:

Hand Weapons
 d - a +0 dagger (weapon)
Armour
 a - a +0 robe (worn)
 h - a +0 hat
Scrolls
 b - a scroll of immolation {unknown}
 c - 6 scrolls of identify {unknown}
 e - a scroll of enchant weapon {unknown}
 f - 2 scrolls of enchant armour {unknown}
 g - 2 scrolls of revelation {unknown}
 i - a scroll of poison {unknown}
 j - a scroll of teleportation {unknown}


   Skills:
 - Level 1.5 Dodging
 - Level 1.5 Stealth
 + Level 3.5 Spellcasting
 + Level 3.6 Summonings


You had 7 spell levels left.
You knew the following spells:

 Your Spells              Type           Power      Damage    Failure   Level
s - Summon Small Mammal   Summ           48%        N/A       4%          1

Your spell library contained the following spells:

 Spells                   Type           Power      Damage    Failure   Level
 Call Imp                 Summ           24%        N/A       7%          2
 Call Canine Familiar     Summ           12%        N/A       14%         3
 Sandblast                Erth           4%         2d4       21%         1
 Lesser Beckoning         Tloc           4%         N/A       30%         2
 Gell's Gravitas          Tloc           2%         N/A       52%         3
 Passwall                 Erth           2%         N/A       52%         3
 Stone Arrow              Conj/Erth      4%         3d7       52%         3
 Teleport Other           Tloc           2%         N/A       52%         3
 Summon Blazeheart Golem  Fire/Summ      7%         N/A       67%         4
 Summon Lightning Spire   Summ/Air       7%         N/A       67%         4
 Brom's Barrelling Bould  Conj/Erth      2%         2d3       90%         4


Dungeon Overview and Level Annotations

Branches:
Dungeon (2/15)

Altars:

Annotations:
D:2 Sigmund


Innate Abilities, Weirdness & Mutations

You are immune to poison.
Your flesh is cold resistant. (rC+)
You are immune to negative energy. (rN+++)
You are immune to unholy pain and torment.
You are vulnerable to heat. (rF-)
You are in touch with the powers of death.
You do not drink.
You have a special connection with the divine. (Faith)


Message History

The iguana misses you.
Your rat bites the hobgoblin.
The hobgoblin dies!
You swap places.
The iguana closely misses you.
Your rat closely misses the iguana.
You swap places.
The iguana barely misses you.
Your rat bites the iguana but does no damage.
Your rat bites the iguana.
You hit the iguana.
The iguana is lightly wounded.
The iguana misses you.
Your rat bites the iguana but does no damage.
Your rat closely misses the iguana.
You hit the iguana but do no damage.
The iguana is lightly wounded.
The iguana bites you.
Your rat bites the iguana.
Your rat bites the iguana but does no damage.
You closely miss the iguana.
The iguana is moderately wounded.
The iguana misses you.
Your rat bites the iguana.
Your rat bites the iguana but does no damage.
You completely miss the iguana.
The iguana is heavily wounded.
The iguana bites you!
Ouch! That really hurt!
* * * LOW HITPOINT WARNING * * *
Your rat closely misses the iguana.
Your rat bites the iguana.
Unknown command.
Your rat bites the iguana but does no damage.
Your rat barely misses the iguana.
You completely miss the iguana.
The iguana is heavily wounded.
The iguana bites you.
* * * LOW HITPOINT WARNING * * *
Your rat bites the iguana but does no damage. x2
Unknown command.
You closely miss the iguana.
The iguana is heavily wounded.
The iguana bites you!
Ouch! That really hurt!
You die...

#.#....# .. #
........... ... #
.........#......
.........#.#..##
.............. #.#
.#.#.#..#.#.##. ...
............... ... ...
#.#rr#.#.####...######
#..?l@....... ........
#.#..........)........
#.......####.#.##.####
#.......# #.#.##..###
#.......# ##.#.###...#
#)......+ ...........
#.......# #.#.#####.#
#.......####.#.#####..
#...................|...


You could see an iguana (ally target) and 2 friendly rats.

Vanquished Creatures
  A dart slug (D:1)
  A bat (D:1)
  2 goblins
  A kobold (D:1)
5 creatures vanquished.

Vanquished Creatures (collateral kills)
  2 goblins (D:2)
  3 hobgoblins
  3 ball pythons (D:1)
  2 bats (D:1)
  2 frilled lizards (D:2)
  A kobold (D:1)
  2 rats (D:2)
15 creatures vanquished.

Grand Total: 20 creatures vanquished

Notes
Turn   | Place    | Note
-------+----------+-------------------------------------------
     0 | D:1      | ScarabSwarm the Mummy Summoner began the quest for the Orb.
     0 | D:1      | Reached XP level 1. HP: 13/13 MP: 4/4
   264 | D:1      | Reached XP level 2. HP: 7/19 MP: 4/6
  1470 | D:2      | Noticed Sigmund
  1672 | D:2      | Mangled by an iguana

Illustrated notes

Levels and vault maps discovered:
D:1:      roadster_arrival_rocket_large, layout_basic
D:2:      layout_basic, grunt_ministairs_2, uniq_crazy_yiuf_cottage,
          uniq_terence, uniq_robin, uniq_sigmund

Skill      XL: |  1 |
---------------+----+-----
Spellcasting   | 3 |  3.5
Dodging        | |  1.5
Stealth        | |  1.5
Summonings     | |  3.6

Action                     || total
---------------------------++-------
  Melee: Unarmed           ||     8
         Dagger            ||    24
   Cast: Summon Small Mamm ||    33
   Stab: Distracted        ||     1
 Armour: Robe              ||    28
  Dodge: Dodged            ||    30

Table legend: (Time is in decaauts)
 A = Elapsed time spent in this place.
 B = Non-inter-level travel time spent in this place.
 C = Inter-level travel time spent in this place.
 D = Time resting spent in this place.
 E = Time spent auto-exploring this place.
 F = Levels seen in this place.
 G = Mean time per level.
                   A        B        C        D        E       F      G
               +--------+--------+--------+--------+--------+-----+--------+
         Total |   1671 |   1542 |    129 |    109 |   1201 |   2 |  835.5 |
       Dungeon |   1671 |   1542 |    129 |    109 |   1201 |   2 |  835.5 |
               +--------+--------+--------+--------+--------+-----+--------+

Top non-repeatable levels by time:
     D:1: 1323 daAuts
     D:2: 348 daAuts
